 Dungeon Crawl Stone Soup version 0.30-a0-137-gd8773701ce (webtiles) character file.

Game seed: 15788191652064933662

391 KennySheep the Gusty (level 6, -1/40 HPs)
             Began as a Tengu Air Elementalist on Sept 23, 2022.
             Was an Initiate of Vehumet.
             Slain by a centaur (3 damage)
             ... on level 5 of the Dungeon.
             The game lasted 00:17:02 (5801 turns).

KennySheep the Gusty (Tengu Air Elementalist)       Turns: 5801, Time: 00:17:03

Health: -1/40      AC:  2    Str:  8    XL:     6   Next: 80%
Magic:  15/19      EV: 14    Int: 17    God:    Vehumet [......]
Gold:   261        SH:  3    Dex: 15    Spells: 1/9 levels left

rFire   . . .      SeeInvis .    q - +0 short sword (drain)
rCold   + . .      Faith    +    z - +0 buckler
rNeg    . . .      Spirit   .    a - +0 robe
rPois   .          Reflect  .    (helmet restricted)
rElec   .          Harm     .    (no cloak)
rCorr   .          Rampage  .    (no gloves)
Will    +....                    (boots unavailable)
Stlth   ++........               j - amulet of faith
HPRegen 0.13/turn                h - ring of protection from cold
MPRegen 0.16/turn                w - ring of magical power

@: flying quickly and evasively, quick
A: beak, talons 3, nimble flight, strong-willed 1, robust 1
a: Renounce Religion


You were on level 5 of the Dungeon.
You worshipped Vehumet.
Vehumet was noncommittal.
You visited 2 branches of the dungeon, and saw 6 of its levels.

You collected 261 gold pieces.

Inventory:

Hand Weapons
 c - a +0 long sword
 q - a +0 short sword of draining (weapon)
Armour
 a - a +0 robe (worn)
 y - an orb of energy
 z - a +0 buckler (worn)
Magical Staves
 m - a staff of earth
Jewellery
 h - a ring of protection from cold (left hand)
 j - an amulet of faith (around neck)
 w - a ring of magical power (right hand)
Wands
 i - a wand of digging (3)
Scrolls
 e - 2 scrolls of noise
 g - 2 scrolls of poison {unknown}
 n - a scroll of teleportation
 p - a scroll of blinking {unknown}
 r - a scroll of silence {unknown}
 s - a scroll of identify {unknown}
 u - a scroll of fear {unknown}
Potions
 b - a potion of magic
 d - 5 potions of curing
 f - a potion of invisibility {unknown}
 k - 2 potions of mutation
 l - a potion of attraction {unknown}
 o - a potion of degeneration {unknown}
 t - a potion of resistance {unknown}
 v - a potion of flight {unknown}
 x - a potion of berserk rage {unknown}


   Skills:
 + Level 3.3 Fighting
 - Level 2.1 Dodging
 - Level 2.0 Stealth
 - Level 2.0 Spellcasting
 + Level 4.8 Conjurations
 + Level 1.8 Ice Magic
 + Level 6.2 Air Magic
 + Level 0.0 Evocations


You had one spell level left.
You knew the following spells:

 Your Spells              Type           Power      Damage    Failure   Level
a - Shock                 Conj/Air       80%        1d8       2%          1
b - Freezing Cloud        Conj/Ice/Air   8%         6-21      77%         5
c - Static Discharge      Conj/Air       40%        2-4/arc   4%          2

Your spell library contained the following spells:

 Spells                   Type           Power      Damage    Failure   Level
 Swiftness                Air            23%        N/A       6%          3
 Mephitic Cloud           Conj/Pois/Air  14%        N/A       17%         3
 Airstrike                Air            11%        2d(2-18)  21%         4
 Ignite Poison            Fire/Tmut/Pois 1%         N/A       61%         3


Dungeon Overview and Level Annotations

Branches:
Dungeon (5/15)             Temple (1/1) D:5

Altars:
Ashenzari
Cheibriados
Dithmenos
Elyvilon
Gozag
Hepliaklqana
Kikubaaqudgha
Makhleb
Nemelex Xobeh
Okawaru
Ru
Sif Muna
Trog
Uskayaw
Vehumet
Wu Jian
Xom
Zin
The Shining One


Innate Abilities, Weirdness & Mutations

You have a beak for a mouth.
You have claws for feet.
Your magical nature lets you fly swiftly and evasively.
You are strong-willed. (Will+)
You are robust. (+10% HP)


Message History

Vehumet accepts your kill.
You can't see any susceptible monsters within range! (Use Z to cast anyway.)
Found a stone staircase leading up.
You now have 261 gold pieces (gained 7).
A centaur comes into view.
The centaur wields a +2 vorpal shortbow.
The centaur shoots an arrow.
You block the arrow.
The centaur shoots an arrow.
The arrow barely misses you.
The centaur shoots an arrow.
The arrow hits you!
The centaur shoots an arrow.
The arrow hits you.
You start resting.
A centaur is nearby!
Aiming: Shock (safe; 2% risk of failure)
Press: ? - help, Q - select action, (/) - cycle Shift-Dir - straight line The zap hits the centaur but does no damage.
The zap hits the centaur.
The centaur is lightly wounded.
The centaur shoots an arrow.
The arrow hits you!
* * * LOW HITPOINT WARNING * * *
x2
Aiming: Shock (safe; 2% risk of failure)
Press: ? - help, Q - select action, (/) - cycle Shift-Dir - straight line The zap hits the centaur.
The centaur is lightly wounded.
The zap hits the centaur.
The centaur is moderately wounded.
The centaur shoots an arrow.
The arrow barely misses you.
Aiming: Shock (safe; 2% risk of failure)
Press: ? - help, Q - select action, (/) - cycle Shift-Dir - straight line The zap hits the centaur.
The centaur is moderately wounded.
The centaur unwields a +2 vorpal shortbow.
You block the centaur's attack. The centaur barely misses you.
Aiming: Shock (safe; 2% risk of failure)
Press: ? - help, Q - select action, (/) - cycle Shift-Dir - straight line The zap hits the centaur.
The centaur is heavily wounded.
The centaur hits you.
* * * LOW HITPOINT WARNING * * *
The centaur kicks you.
You die...

.........................## ####.
........c.................###....
.................................
.................................
#........c...........####........
................#.....##....[....
..............###............####
.............####............#
#..........#...#@............##
#.........####.c.....###......###
.........## ##..#..## ##........
.........# #......###....8.8.8
........## ##.............⌠.⌠.
......... ##............8.>.8
......... ............#..⌠.⌠.
#...### .............#.8.8.8 ...
##.........#........


You could see a centaur.

Vanquished Creatures
  A scorpion (D:5)
  2 jellies
  Jessica (D:2)
  Ijyb (D:3)
  6 gnolls
  7 adders
  A white imp (D:5)
  An ufetubus (D:5)
  2 dart slugs (D:2)
  9 orcs
  8 endoplasms
  4 giant cockroaches
  A goblin (D:1)
  5 hobgoblins
  9 jackals
  A quokka (D:4)
  4 ball pythons
  5 bats
  5 frilled lizards
  4 kobolds
  8 rats
85 creatures vanquished.

Vanquished Creatures (others)
  A fungus (D:2)
  A plant (D:2)
2 creatures vanquished.

Grand Total: 87 creatures vanquished

Notes
Turn   | Place    | Note
-------+----------+-------------------------------------------
     0 | D:1      | KennySheep the Tengu Air Elementalist began the quest for
                  | the Orb.
     0 | D:1      | Reached XP level 1. HP: 10/10 MP: 4/4
   616 | D:1      | Reached XP level 2. HP: 16/16 MP: 4/6
  1323 | D:2      | Noticed Jessica
  1337 | D:2      | Killed Jessica
  1338 | D:2      | Reached skill level 1 in Fighting
  1338 | D:2      | Reached XP level 3. HP: 18/20 MP: 1/7
  1432 | D:2      | Reached skill level 5 in Air Magic
  1432 | D:2      | Reached XP level 4. HP: 19/26 MP: 2/8
  1867 | D:2      | Found a faded altar of an unknown god.
  2034 | D:2      | Gained mutation: Your magical nature lets you fly swiftly
                  | and evasively. [Tengu growth]
  2034 | D:2      | Reached XP level 5. HP: 15/30 MP: 1/9
  2364 | D:3      | Learned a level 5 spell: Freezing Cloud
  2369 | D:3      | Learned a level 2 spell: Static Discharge
  2514 | D:3      | Noticed Ijyb
  2548 | D:3      | Killed Ijyb
  3150 | D:3      | Reached skill level 1 in Ice Magic
  3402 | D:3      | Found a hide-covered altar of Uskayaw.
  3786 | D:4      | Reached XP level 6. HP: 33/36 MP: 3/10
  3888 | D:4      | Found a sparkling altar of Nemelex Xobeh.
  3948 | D:4      | Found a shimmering altar of Xom.
  3949 | D:4      | Found an ancient bone altar of Kikubaaqudgha.
  4089 | D:4      | Noticed a black bear
  4530 | D:4      | Reached skill level 6 in Air Magic
  4755 | D:5      | Entered Level 5 of the Dungeon
  4761 | D:5      | Gained mutation: You are robust. (+10% HP) [potion of
                  | mutation]
  4761 | D:5      | Gained mutation: You are strong-willed. (Will+) [potion of
                  | mutation]
  5261 | D:5      | Found a staircase to the Ecumenical Temple.
  5270 | Temple   | Entered the Ecumenical Temple
  5397 | Temple   | Became a worshipper of Vehumet
  5801 | D:5      | HP: 2/40 [centaur (5)]
  5801 | D:5      | Slain by a centaur

Illustrated notes

Levels and vault maps discovered:
D:1:      dpeg_arrival_boxes_within_box, layout_loops_ring
D:2:      layout_basic, shapermc_ecumenical_altar_acropolis, uniq_jessica
D:3:      layout_basic, nicolae_uskayaw_dance_hall, uniq_ijyb
D:4:      minmay_wonky_spiral, layout_basic, grunt_temple_overflow_open
D:5:      layout_layer_cave, fedhas_altar_3,
          minmay_temple_entry_statues_fountains
Temple:   nicolae_temple_superstar

Skill      XL: |  1  2  3  4  5  6 |
---------------+-------------------+-----
Conjurations   | 2 3 4 |  4.8
Fighting       | 1 2 3 |  3.3
Air Magic      | 5 6 |  6.2
Ice Magic      | 1 |  1.8
Dodging        | |  2.1
Stealth        | |  2.0
Spellcasting   | |  2.0

Action                   |  1- 3 |  4- 6 || total
-------------------------+-------+-------++-------
Melee: Long sword        |     6 |       ||     6
       Peck              |     2 |       ||     2
       Short sword       |       |     2 ||     2
       Kick              |       |     1 ||     1
 Cast: Shock             |    44 |   152 ||   196
  Use: Scroll            |       |     2 ||     2
       Potion            |       |     2 ||     2
Armor: Robe              |     6 |     3 ||     9
Dodge: Dodged            |    13 |    31 ||    44
Block: Buckler           |       |     3 ||     3

Table legend: (Time is in decaauts)
 A = Elapsed time spent in this place.
 B = Non-inter-level travel time spent in this place.
 C = Inter-level travel time spent in this place.
 D = Time resting spent in this place.
 E = Time spent auto-exploring this place.
 F = Levels seen in this place.
 G = Mean time per level.
                   A        B        C        D        E       F      G
               +--------+--------+--------+--------+--------+-----+--------+
         Total |   5566 |   5290 |    276 |    946 |   3632 |   6 |  927.7 |
       Dungeon |   5445 |   5169 |    276 |    946 |   3570 |   5 | 1089.0 |
        Temple |    121 |    121 |      0 |      0 |     62 |   1 |  121.0 |
               +--------+--------+--------+--------+--------+-----+--------+

Top non-repeatable levels by time:
     D:1: 1273 daAuts
     D:3: 1181 daAuts
     D:4: 1072 daAuts
     D:2: 1065 daAuts
     D:5: 852 daAuts
  Temple: 121 daAuts
